| TOP OF THE 1ST |
|
Norfolk Tides batting - Pitching for Nashville Sounds : RHP Chad Pfeiffer
|
|
Pitching: RHP Chad Pfeiffer
|
|
|
Batting: LHB Gabe Pace
|
0-0: Called Strike 0-1: Foul Ball, location: 2F 0-2: Strikes out swinging
|
|
Batting: LHB Tom Edwards
|
0-0: Ground out U3 (Groundball, 3L, EV 102.5 MPH)
|
|
Batting: RHB Mike Hayward
|
0-0: Swinging Strike 0-1: SINGLE (Groundball, 4MD, EV 103.1 MPH)
|
|
Batting: LHB Josh Downs
|
0-0: Ball 1-0: Called Strike 1-1: Ball 2-1: Ground out U3 (Groundball, 3S, EV 80.6 MPH)
|
| Top of the 1st over - 0 runs, 1 hit, 0 errors, 1 left on base; Norfolk 0 - Nashville 0 |
| BOTTOM OF THE 1ST |
|
Nashville Sounds batting - Pitching for Norfolk Tides : RHP Josh Boyles
|
|
Pitching: RHP Josh Boyles
|
|
|
Batting: LHB Zachary DeLuca
|
0-0: Ball 1-0: Called Strike 1-1: SINGLE (Groundball, 34S, EV 62.5 MPH) (infield hit)
|
|
Batting: RHB Robby Godwin
|
0-0: Ball Zachary DeLuca steals 2nd, throwing error, E2 Zachary DeLuca to third 1-0: Fly out, F6 (Flyball, 56D, EV 81.2 MPH)
|
|
Batting: RHB Chris Stillions
|
0-0: Called Strike 0-1: Called Strike 0-2: Foul Ball, location: 2F 0-2: SINGLE (Groundball, 6MD, EV 96.2 MPH) Zachary DeLuca scores
|
|
Batting: RHB Dusty Thompson
|
0-0: Grounds into double play, 6-4-3 (Groundball, 6, EV 103.1 MPH)
|
| Bottom of the 1st over - 1 run, 2 hits, 1 error, 0 left on base; Norfolk 0 - Nashville 1 |
| TOP OF THE 2ND |
|
Norfolk Tides batting - Pitching for Nashville Sounds : RHP Chad Pfeiffer
|
|
Batting: RHB Mario Saez
|
0-0: Ball 1-0: Fly out, F9 (Flyball, 9LS, EV 91.9 MPH)
|
|
Batting: SHB Brian Bentz
|
0-0: Foul Ball, location: 2F 0-1: Foul Ball, location: 2F 0-2: Ball 1-2: Ball 2-2: Foul Ball, location: 2F 2-2: Fly out, F8 (Flyball, 8LS, EV 91.2 MPH)
|
|
Batting: RHB Tony Logan
|
0-0: Swinging Strike 0-1: Swinging Strike 0-2: Ball 1-2: Ball 2-2: Foul Ball, location: 2F 2-2: Strikes out swinging
|
| Top of the 2nd over - 0 runs, 0 hits, 0 errors, 0 left on base; Norfolk 0 - Nashville 1 |
| BOTTOM OF THE 2ND |
|
Nashville Sounds batting - Pitching for Norfolk Tides : RHP Josh Boyles
|
|
Batting: SHB Rich Muniz
|
0-0: Called Strike 0-1: Swinging Strike 0-2: Hit by Pitch
|
|
Batting: RHB Jorge Bernal
|
0-0: Called Strike 0-1: Ball 1-1: Ball 2-1: Called Strike 2-2: Fly out, F7 (Flyball, 7LM, EV 86.9 MPH)
|
|
Batting: RHB Eduardo Chavez
|
0-0: Called Strike 0-1: Called Strike Rich Muniz steals 2nd base 0-2: Foul Ball, location: 2F 0-2: Foul Ball, location: 2F 0-2: Ball 1-2: Ball 2-2: Foul Ball, location: 2F 2-2: Ground out 5-3 (Groundball, 5, EV 102.5 MPH)
|
|
Batting: RHB Hyeong-uk Lyang
|
0-0: Foul Ball, location: 2F 0-1: Fly out, F8 (Flyball, 8RD, EV 101.2 MPH)
|
| Bottom of the 2nd over - 0 runs, 0 hits, 0 errors, 1 left on base; Norfolk 0 - Nashville 1 |
| TOP OF THE 3RD |
|
Norfolk Tides batting - Pitching for Nashville Sounds : RHP Chad Pfeiffer
|
|
Batting: RHB Sal Espinosa
|
0-0: SINGLE (Groundball, 4MD, EV 100.6 MPH)
|
|
Batting: RHB Carlos Talavera
|
0-0: Called Strike 0-1: Ball 1-1: Called Strike 1-2: Ball 2-2: Grounds into double play, 4-6-3 (Groundball, 4, EV 103.8 MPH)
|
|
Batting: LHB Gabe Pace
|
0-0: SINGLE (Groundball, 34D, EV 100.0 MPH)
|
|
Batting: LHB Tom Edwards
|
0-0: Called Strike 0-1: Ball Gabe Pace steals 2nd base 1-1: Ground out U3 (Groundball, 34S, EV 93.8 MPH)
|
| Top of the 3rd over - 0 runs, 2 hits, 0 errors, 1 left on base; Norfolk 0 - Nashville 1 |
| BOTTOM OF THE 3RD |
|
Nashville Sounds batting - Pitching for Norfolk Tides : RHP Josh Boyles
|
|
Batting: RHB D.J. Torres
|
0-0: Called Strike 0-1: Foul Ball, location: 2F 0-2: Ball 1-2: Ground out 4-3 (Groundball, 4, EV 102.5 MPH)
|
|
Batting: LHB Zachary DeLuca
|
0-0: Ball 1-0: Foul Ball, location: 2F 1-1: Ball 2-1: Ball 3-1: DOUBLE (Flyball, 78D, EV 104.4 MPH)
|
|
Batting: RHB Robby Godwin
|
0-0: Called Strike 0-1: Ball 1-1: Foul Ball, location: 2F 1-2: SINGLE (Groundball, 6MD, EV 100.6 MPH) Zachary DeLuca to third Runner from 3rd tries for Home, SAFE, throw by CF to home
|
|
Batting: RHB Chris Stillions
|
0-0: SINGLE (Groundball, 6MD, EV 99.4 MPH) Robby Godwin to second Runner from 2nd tries for 3rd, SAFE, throw by CF made to third Chris Stillions to second
|
|
Batting: RHB Dusty Thompson
|
0-0: Ball 1-0: Ball 2-0: Foul Ball, location: 2F 2-1: Ball 3-1: Base on Balls
|
|
Batting: SHB Rich Muniz
|
0-0: Called Strike 0-1: Called Strike 0-2: Strikes out swinging
|
|
Batting: RHB Jorge Bernal
|
0-0: Ball 1-0: Called Strike 1-1: Ground out 4-3 (Groundball, 4, EV 97.5 MPH)
|
| Bottom of the 3rd over - 1 run, 3 hits, 0 errors, 3 left on base; Norfolk 0 - Nashville 2 |
| TOP OF THE 4TH |
|
Norfolk Tides batting - Pitching for Nashville Sounds : RHP Chad Pfeiffer
|
|
Batting: RHB Mike Hayward
|
0-0: Ball 1-0: SINGLE (Groundball, 6MD, EV 104.4 MPH)
|
|
Batting: LHB Josh Downs
|
0-0: SINGLE (Groundball, 4D, EV 103.1 MPH) Mike Hayward to second
|
|
Batting: RHB Mario Saez
|
0-0: Foul Ball, location: 2F 0-1: Ball 1-1: Foul Ball, location: 2F 1-2: Foul Ball, location: 2F 1-2: Ball 2-2: Ball 3-2: Foul Ball, location: 2F 3-2: Fly out, F9 (Line Drive, 9D, EV 101.9 MPH) Runner from 2nd tags up, SAFE at 3rd, no throw by RF
|
|
Batting: SHB Brian Bentz
|
0-0: Ball 1-0: Ball 2-0: Foul Ball, location: 2F 2-1: Grounds into double play, 6-4-3 (Groundball, 6MD, EV 85.6 MPH)
|
| Top of the 4th over - 0 runs, 2 hits, 0 errors, 1 left on base; Norfolk 0 - Nashville 2 |
| BOTTOM OF THE 4TH |
|
Nashville Sounds batting - Pitching for Norfolk Tides : RHP Josh Boyles
|
|
Batting: RHB Eduardo Chavez
|
0-0: Foul Ball, location: 2F 0-1: Called Strike 0-2: Ground out 6-3 (Groundball, 6, EV 88.1 MPH)
|
|
Batting: RHB Hyeong-uk Lyang
|
0-0: Called Strike 0-1: DOUBLE (Flyball, 78D, EV 110.0 MPH)
|
|
Batting: RHB D.J. Torres
|
0-0: Ball Hyeong-uk Lyang steals 3rd base 1-0: Swinging Strike 1-1: Foul Ball, location: 2F 1-2: Strikes out swinging
|
|
Batting: LHB Zachary DeLuca
|
0-0: Called Strike 0-1: Ball 1-1: Called Strike 1-2: Ball 2-2: Ball 3-2: 2-RUN HOME RUN (Flyball, 9D, EV 101.9 MPH), Distance : 378 ft
|
|
Batting: RHB Robby Godwin
|
0-0: Foul Ball, location: 2F 0-1: Hit by Pitch
|
|
Batting: RHB Chris Stillions
|
0-0: Ball Robby Godwin steals 2nd base (no throw) 1-0: Called Strike 1-1: Ball 2-1: Swinging Strike 2-2: Foul Ball, location: 2F 2-2: Ground out 4-3 (Groundball, 4, EV 86.2 MPH)
|
| Bottom of the 4th over - 2 runs, 2 hits, 0 errors, 1 left on base; Norfolk 0 - Nashville 4 |
| TOP OF THE 5TH |
|
Norfolk Tides batting - Pitching for Nashville Sounds : RHP Chad Pfeiffer
|
|
Batting: RHB Tony Logan
|
0-0: Ball 1-0: Swinging Strike 1-1: Ball 2-1: Fly out, F7 (Line Drive, 78S, EV 98.1 MPH)
|
|
Batting: RHB Sal Espinosa
|
0-0: Swinging Strike 0-1: Ball 1-1: Ball 2-1: Foul Ball, location: 2F 2-2: SINGLE (Groundball, 6M, EV 101.2 MPH) (infield hit)
|
|
Batting: RHB Carlos Talavera
|
0-0: Ball 1-0: Called Strike Sal Espinosa steals 2nd base 1-1: Ball 2-1: Ball 3-1: Ground out 1-3 (Groundball, 13, EV 76.2 MPH) Sal Espinosa to third
|
|
Batting: LHB Gabe Pace
|
0-0: Ball 1-0: Foul Ball, location: 2F 1-1: Ball 2-1: Ball 3-1: Called Strike 3-2: Foul Ball, location: 2F 3-2: Foul Ball, location: 2F 3-2: Fly out, F8 (Flyball, 8RXD, EV 93.8 MPH)
|
| Top of the 5th over - 0 runs, 1 hit, 0 errors, 1 left on base; Norfolk 0 - Nashville 4 |
| BOTTOM OF THE 5TH |
|
Nashville Sounds batting - Pitching for Norfolk Tides : RHP Josh Boyles
|
|
Batting: RHB Dusty Thompson
|
0-0: Ball 1-0: Called Strike 1-1: Ground out 5-3 (Groundball, 56, EV 81.9 MPH)
|
|
Batting: SHB Rich Muniz
|
0-0: Called Strike 0-1: Ball 1-1: Foul Ball, location: 2F 1-2: Foul Ball, location: 2F 1-2: Foul Ball, location: 2F 1-2: Fly out, F8 (Line Drive, 8LM, EV 108.8 MPH)
|
|
Batting: RHB Jorge Bernal
|
0-0: Foul Ball, location: 2F 0-1: Ball 1-1: SINGLE (Groundball, 5D, EV 98.1 MPH)
|
|
Batting: RHB Eduardo Chavez
|
0-0: Called Strike 0-1: Called Strike 0-2: Ball Jorge Bernal steals 2nd base 1-2: Ball 2-2: Foul Ball, location: 2F 2-2: DOUBLE (Line Drive, 7LS, EV 98.1 MPH) Jorge Bernal scores
|
|
Pitching: RHP Ferri Adam
|
|
|
Batting: RHB Hyeong-uk Lyang
|
0-0: Called Strike 0-1: Foul Ball, location: 2F 0-2: DOUBLE (Line Drive, 9LM, EV 95.6 MPH) Eduardo Chavez scores
|
|
Batting: RHB D.J. Torres
|
0-0: Called Strike 0-1: Ball 1-1: Foul Ball, location: 2F 1-2: Ball 2-2: Ball 3-2: Foul Ball, location: 2F 3-2: Foul Ball, location: 2F 3-2: Strikes out swinging
|
| Bottom of the 5th over - 2 runs, 3 hits, 0 errors, 1 left on base; Norfolk 0 - Nashville 6 |
| TOP OF THE 6TH |
|
Norfolk Tides batting - Pitching for Nashville Sounds : RHP Chad Pfeiffer
|
|
Batting: LHB Tom Edwards
|
0-0: Ball 1-0: Foul Ball, location: 2F 1-1: Ball 2-1: Ground out 6-3 (Groundball, 4M, EV 95.0 MPH)
|
|
Pitching: RHP Craig Daniel
|
|
|
Batting: RHB Mike Hayward
|
0-0: Swinging Strike 0-1: Called Strike 0-2: Strikes out swinging
|
|
Batting: LHB Josh Downs
|
0-0: Called Strike 0-1: Foul Ball, location: 2F 0-2: SOLO HOME RUN (Line Drive, 9LD, EV 95.0 MPH), Distance : 355 ft
|
|
Batting: RHB Mario Saez
|
0-0: Called Strike 0-1: Swinging Strike 0-2: Strikes out swinging
|
| Top of the 6th over - 1 run, 1 hit, 0 errors, 0 left on base; Norfolk 1 - Nashville 6 |
| BOTTOM OF THE 6TH |
|
Nashville Sounds batting - Pitching for Norfolk Tides : RHP Ferri Adam
|
|
Batting: LHB Zachary DeLuca
|
0-0: Called Strike 0-1: TRIPLE (Line Drive, 9LD, EV 103.8 MPH)
|
|
Batting: RHB Robby Godwin
|
0-0: Called Strike 0-1: Ball 1-1: Ball 2-1: SINGLE (Groundball, 6MD, EV 93.8 MPH) Zachary DeLuca scores
|
|
Batting: RHB Chris Stillions
|
0-0: Ball Robby Godwin steals 2nd base 1-0: Called Strike 1-1: Ball 2-1: Foul Ball, location: 2F 2-2: Fly out, F2 (Popup, 23F, EV 83.1 MPH)
|
|
Batting: RHB Dusty Thompson
|
0-0: Ball 1-0: Ground out 6-3 (Groundball, 6, EV 90.0 MPH) Robby Godwin to third
|
|
Batting: SHB Rich Muniz
|
0-0: Ball 1-0: Ball 2-0: Called Strike 2-1: SINGLE (Flyball, 5D, EV 96.9 MPH) Robby Godwin scores
|
|
Batting: RHB Jorge Bernal
|
0-0: Foul Ball, location: 2F 0-1: Ball 1-1: Foul Ball, location: 2F 1-2: Ball Rich Muniz steals 2nd base 2-2: Ball 3-2: Foul Ball, location: 2F 3-2: Ground out 5-3 (Groundball, 5, EV 106.9 MPH)
|
| Bottom of the 6th over - 2 runs, 3 hits, 0 errors, 1 left on base; Norfolk 1 - Nashville 8 |
| TOP OF THE 7TH |
|
Norfolk Tides batting - Pitching for Nashville Sounds : RHP Craig Daniel
|
|
Batting: SHB Brian Bentz
|
0-0: SOLO HOME RUN (Flyball, 89XD, EV 101.2 MPH), Distance : 392 ft
|
|
Batting: RHB Tony Logan
|
0-0: Called Strike 0-1: Foul Ball, location: 2F 0-2: Foul Ball, location: 2F 0-2: Foul Ball, location: 2F 0-2: Ball 1-2: Ball 2-2: Foul Ball, location: 2F 2-2: Ball 3-2: Fly out, F7 (Flyball, 7D, EV 103.1 MPH)
|
|
Batting: RHB Sal Espinosa
|
0-0: Ball 1-0: Called Strike 1-1: Ball 2-1: Foul Ball, location: 2F 2-2: Ball 3-2: Fly out, F8 (Flyball, 8LM, EV 81.9 MPH)
|
|
Batting: RHB Carlos Talavera
|
0-0: Ball 1-0: Ground out 4-3 (Groundball, 4MD, EV 85.0 MPH)
|
| Top of the 7th over - 1 run, 1 hit, 0 errors, 0 left on base; Norfolk 2 - Nashville 8 |
| BOTTOM OF THE 7TH |
|
Nashville Sounds batting - Pitching for Norfolk Tides : RHP Ferri Adam
|
|
Batting: RHB Eduardo Chavez
|
0-0: Ground out 1-3 (Groundball, P, EV 75.6 MPH)
|
|
Batting: RHB Hyeong-uk Lyang
|
0-0: Called Strike 0-1: SINGLE (Groundball, 5S, EV 66.9 MPH) (infield hit)
|
|
Batting: RHB D.J. Torres
|
0-0: Ball Hyeong-uk Lyang steals 2nd base (no throw) 1-0: Swinging Strike 1-1: Ball 2-1: Called Strike 2-2: Ground out 6-3 (Groundball, 56, EV 85.6 MPH)
|
|
Batting: LHB Zachary DeLuca
|
0-0: Ball 1-0: Fly out, F9 (Flyball, 9D, EV 90.6 MPH)
|
| Bottom of the 7th over - 0 runs, 1 hit, 0 errors, 1 left on base; Norfolk 2 - Nashville 8 |
| TOP OF THE 8TH |
|
Norfolk Tides batting - Pitching for Nashville Sounds : RHP Craig Daniel
|
|
Batting: LHB Gabe Pace
|
0-0: Called Strike 0-1: Called Strike 0-2: Ball 1-2: Foul Ball, location: 2F 1-2: Ball 2-2: Strikes out swinging
|
|
Batting: LHB Tom Edwards
|
0-0: Foul Ball, location: 2F 0-1: Ball 1-1: Called Strike 1-2: Foul Ball, location: 2F 1-2: Ball 2-2: Strikes out swinging, 2-3 out at first.
|
|
Batting: RHB Mike Hayward
|
0-0: Ball 1-0: Ball 2-0: Ball 3-0: Base on Balls
|
|
Batting: LHB Josh Downs
|
0-0: Called Strike 0-1: Ball Wild Pitch! Mike Hayward to second 1-1: Swinging Strike 1-2: DOUBLE (Line Drive, 7LM, EV 88.8 MPH) Mike Hayward scores
|
|
Pitching: RHP Jake Gregor
|
|
|
Batting: RHB Mario Saez
|
0-0: Ball 1-0: Ball 2-0: Foul Ball, location: 2F 2-1: Fly out, F8 (Flyball, 8LXD, EV 105.0 MPH)
|
| Top of the 8th over - 1 run, 1 hit, 0 errors, 1 left on base; Norfolk 3 - Nashville 8 |
| BOTTOM OF THE 8TH |
|
Nashville Sounds batting - Pitching for Norfolk Tides : RHP Ferri Adam
|
|
Batting: RHB Robby Godwin
|
0-0: Ground out 4-3 (Groundball, 4, EV 83.8 MPH)
|
|
Batting: RHB Chris Stillions
|
0-0: Ground out 6-3 (Groundball, 6, EV 86.9 MPH)
|
|
Batting: RHB Dusty Thompson
|
0-0: Ball 1-0: Called Strike 1-1: Ground out 6-3 (Groundball, 6, EV 78.8 MPH)
|
| Bottom of the 8th over - 0 runs, 0 hits, 0 errors, 0 left on base; Norfolk 3 - Nashville 8 |
| TOP OF THE 9TH |
|
Norfolk Tides batting - Pitching for Nashville Sounds : RHP Jake Gregor
|
|
Batting: SHB Brian Bentz
|
0-0: Swinging Strike 0-1: Foul Ball, location: 2F 0-2: Ball 1-2: Foul Ball, location: 2F 1-2: Ball 2-2: Strikes out swinging
|
|
Batting: RHB Tony Logan
|
0-0: Called Strike 0-1: Ball 1-1: Fly out, F9 (Flyball, 9, EV 91.2 MPH)
|
|
Batting: RHB Sal Espinosa
|
0-0: Ball 1-0: Hit by Pitch
|
|
Batting: RHB Carlos Talavera
|
0-0: Fly out, F7 (Flyball, 78M, EV 90.6 MPH)
|
| Top of the 9th over - 0 runs, 0 hits, 0 errors, 1 left on base; Norfolk 3 - Nashville 8 |
|